 Dungeon Crawl Stone Soup version 0.23-a0-49-gd9f7a49 (webtiles) character file.

795 galech the Chopper (level 7, -1/60 HPs)
             Began as a Minotaur Fighter on Aug 6, 2018.
             Slain by a two-headed ogre
             ... wielding a +0 giant club
              (18 damage)
             ... on level 6 of the Dungeon.
             The game lasted 00:04:32 (3423 turns).

galech the Chopper (Minotaur Fighter)               Turns: 3423, Time: 00:04:33

Health: -1/60      AC:  8    Str: 20    XL:     7   Next: 58%
Magic:  6/6        EV:  9    Int:  5    God:
Gold:   180        SH: 10    Dex: 12    Spells: 6/6 levels left

rFire    . . .     SeeInvis .   a - +0 war axe
rCold    + . .     Gourm    .   c - +0 shield
rNeg     . . .     Faith    .   b - +0 scale mail
rPois    .         Spirit   .   (helmet restricted)
rElec    .         Reflect  .   o - +0 cloak
rCorr    .         Harm     .   (no gloves)
MR       .....                  (no boots)
Stlth    ..........             t - amulet of regeneration
HPRegen  0.60/turn              m - ring of protection from cold
MPRegen  0.10/turn              w - ring of flight

@: no status effects
A: retaliatory headbutt, horns 2
a: Evoke Flight


You were on level 6 of the Dungeon.
You were not hungry.

You visited 1 branch of the dungeon, and saw 6 of its levels.

You collected 180 gold pieces.

Inventory:

Hand Weapons
 a - a +0 war axe (weapon)
Armour
 b - a +0 scale mail (worn)
 c - a +0 shield (worn)
 o - a +0 cloak (worn)
Jewellery
 m - a ring of protection from cold (left hand)
 q - an uncursed amulet of the gourmand
 t - an amulet of regeneration (around neck)
 w - a ring of flight (right hand)
Wands
 E - a wand of digging (5)
Scrolls
 g - 7 scrolls of remove curse {unknown}
 i - a scroll of fog {unknown}
 j - 9 scrolls of identify {unknown}
 p - a scroll of immolation {unknown}
 r - a scroll of random uselessness {unknown}
 s - 3 scrolls of teleportation {unknown}
 x - a scroll of enchant armour {unknown}
 y - a scroll of amnesia {unknown}
 B - a scroll of blinking {unknown}
 C - a scroll of fear {unknown}
Potions
 d - a potion of might
 e - a potion of magic {unknown}
 h - 6 potions of curing {unknown}
 k - 3 potions of heal wounds {unknown}
 l - 2 potions of brilliance {unknown}
 n - a potion of haste {unknown}
 u - a potion of agility {unknown}
 v - a potion of degeneration {unknown}
 z - 2 potions of mutation {unknown}
 A - a potion of lignification {unknown}
Comestibles
 f - 6 rations
 D - 9 chunks of flesh


   Skills:
 + Level 4.6 Fighting
 + Level 7.1 Axes
 + Level 5.3 Armour
 + Level 1.8 Dodging
 + Level 0.2 Stealth
 + Level 6.4 Shields


You had 6 spell levels left.
You didn't know any spells.
Your spell library was empty.

Dungeon Overview and Level Annotations

Branches:
Dungeon (6/15)
 Temple: D:4-7

Altars:
Ashenzari
Cheibriados
Dithmenos
Kikubaaqudgha
The Shining One
Beogh


Innate Abilities, Weirdness & Mutations

You reflexively headbutt those who attack you in melee.
You have a pair of horns on your head.


Message History

You are too injured to fight recklessly!
You are too injured to fight recklessly!
You are too injured to fight recklessly!
You are too injured to fight recklessly!
You are too injured to fight recklessly!
You are too injured to fight recklessly!
You are too injured to fight recklessly!
You are too injured to fight recklessly!
You are too injured to fight recklessly!
You slash the two-headed ogre!
You headbutt the two-headed ogre, but do no damage.
The two-headed ogre is severely wounded.
The two-headed ogre hits you with a giant club.
The two-headed ogre hits you with a giant spiked club!
* * * LOW HITPOINT WARNING * * *
You hit the two-headed ogre but do no damage.
You headbutt the two-headed ogre.
The two-headed ogre is severely wounded.
The two-headed ogre hits you with a giant club!!
You die...

#.........#
#.........#
#.........#
#.........# #####
#.........#####....##
#######.......#.....
#######.#..#
#####....# #..O@...##
#.#######


You could see a two-headed ogre.

Vanquished Creatures
  An ogre (D:6)
  A centaur (D:5)
  2 crimson imps (D:5)
  3 hounds (D:5)
  A gnoll shaman (D:5)
  3 orc priests
  An iguana (D:4)
  6 worker ants
  5 gnolls (D:5)
  6 adders
  An ooze (D:1)
  2 worms (D:5)
  A dart slug (D:3)
  6 leopard geckos
  10 orcs
  A ball python (D:1)
  3 giant cockroaches
  6 goblins
  2 hobgoblins
  7 jackals
  7 kobolds
  3 bats
  5 frilled lizards
  2 quokka skeletons (D:4)
  5 rats
90 creatures vanquished.

Notes
Turn   | Place    | Note
-------+----------+-------------------------------------------
     0 | D:1      | galech the Minotaur Fighter began the quest for the Orb.
     0 | D:1      | Reached XP level 1. HP: 19/19 MP: 0/0
   223 | D:1      | Reached XP level 2. HP: 22/27 MP: 1/1
   783 | D:2      | Reached XP level 3. HP: 33/33 MP: 2/2
   803 | D:2      | Found a snail-covered altar of Cheibriados.
  1140 | D:2      | Reached skill level 3 in Axes
  1190 | D:2      | Reached XP level 4. HP: 32/40 MP: 3/3
  1410 | D:3      | Found a shadowy altar of Dithmenos.
  1417 | D:3      | Reached skill level 5 in Shields
  1421 | D:3      | Reached skill level 4 in Axes
  1421 | D:3      | Reached XP level 5. HP: 31/47 MP: 4/4
  1562 | D:3      | Found an ancient bone altar of Kikubaaqudgha.
  1671 | D:3      | Found a glowing golden altar of the Shining One.
  1762 | D:3      | You fall through a shaft!
  2346 | D:4      | Reached skill level 1 in Dodging
  2368 | D:4      | Found a roughly hewn altar of Beogh.
  2381 | D:4      | Reached skill level 5 in Axes
  2381 | D:4      | Reached XP level 6. HP: 42/53 MP: 5/5
  2566 | D:5      | Entered Level 5 of the Dungeon
  2802 | D:5      | Reached skill level 5 in Armour
  2874 | D:5      | Found a shattered altar of Ashenzari.
  2901 | D:5      | Reached skill level 6 in Axes
  2932 | D:5      | Reached XP level 7. HP: 59/60 MP: 6/6
  3389 | D:6      | Reached skill level 7 in Axes
  3416 | D:6      | Noticed a two-headed ogre
  3423 | D:6      | Slain by a two-headed ogre

Vault maps used:
D:1:      nzn_arrival_crosshair, minivault_4, grunt_decor_fettered
D:2:      cheibriados_altar_1
D:3:      kiku_gazebo_pond_becter, nicolae_dithmenos_through_a_glass_darkly,
          lemuel_doored_altar
D:4:      first_ration, kennysheep_orc_chapel
D:5:      marbit_many_paths

Skill      XL: |  1  2  3  4  5  6  7 |
---------------+----------------------+-----
Shields        | 4 5 6 |  6.4
Fighting       | 4 |  4.6
Armour         | 4 5 |  5.3
Axes           | 3 4 5 6 7 |  7.1
Dodging        | 1 |  1.8
Stealth        | |  0.2

Action                   |  1- 3 |  4- 6 |  7- 9 || total
-------------------------+-------+-------+-------++-------
Melee: War axe           |   103 |    88 |    44 ||   235
       Headbutt          |    10 |    17 |    15 ||    42
  Eat: Chunk             |    14 |       |       ||    14
Armor: Scale mail        |    50 |    42 |    39 ||   131
Dodge: Dodged            |    26 |    26 |    15 ||    67
Block: Shield            |    57 |    49 |    51 ||   157

Table legend:
 A = Spawn XP
 B = Non-spawn XP
 C = Spawn XP percentage of total XP
 D = Spawn monster count
 E = Non-spawn monster count
 F = Spawn count percentage of total count
 G = Total turns spent on level
                    A         B        C        D         E        F      G
               +---------+---------+-------+---------+---------+-------+---------
         Total |       0 |    1136 |   0.0 |       0 |      90 |   0.0 |  3423
               +---------+---------+-------+---------+---------+-------+---------
           D:1 |       0 |      32 |   0.0 |       0 |      17 |   0.0 |   591
           D:2 |       0 |      76 |   0.0 |       0 |      22 |   0.0 |   753
           D:3 |       0 |     135 |   0.0 |       0 |      14 |   0.0 |   651
           D:4 |       0 |     143 |   0.0 |       0 |      13 |   0.0 |   571
           D:5 |       0 |     595 |   0.0 |       0 |      21 |   0.0 |   812
           D:6 |       0 |     155 |   0.0 |       0 |       3 |   0.0 |    45
               +---------+---------+-------+---------+---------+-------+---------
